Map: Blackpink LE

Players

Pain - Winner!

  • Race: Protoss Protoss
  • Spawn Location: 1:00

A.I. 1 (Easy)

  • Race: Protoss Protoss
  • Spawn Location: 7:00

VOD

Have the link to the VOD?

Description

Time

  • Played on: March 10, 2018, 2:26 a.m.
  • Length: 13:05
Show
View Real Time Build Order
Export as new Build Order

Pain Protoss - Winner!

Build Orders:  

Get SALT Encoding   

  12  0:27  Pylon  
  12  0:28  Probe  
  13  0:40  Probe  
  13  0:42  Assimilator  
  14  0:52  Probe  
  15  0:57  Forge  
  15  1:04  Probe  
  15  1:06  Pylon  
  16  1:16  Probe  
  17  1:27  Gateway  
  17  1:43  Probe  
  18  1:55  Probe  
  18  1:59  Pylon  
  19  2:07  Probe  
  19  2:08  Pylon  
  20  2:17  Pylon  
  20  2:19  Probe  
  21  2:31  Probe  
  22  2:47  Protoss Ground Weapons Level 1  
  22  3:02  Gateway  
  22  3:20  Cybernetics Core  
  22  3:32  Zealot  
  22  3:33  Photon Cannon  
  24  3:46  Probe  
  24  3:47  Assimilator  
  25  3:59  Zealot  
  27  4:06  Nexus  
  27  4:12  Zealot  
  28  4:26  Zealot  
  30  4:39  Stalker  
  30  4:44  Photon Cannon  
  32  4:52  Pylon  
  32  4:53  Zealot  
  32  4:56  Assimilator  
  34  5:08  Pylon  
  34  5:09  Stalker  
  36  5:20  Stalker  
  38  5:33  Protoss Ground Armor Level 1  
  38  5:48  Probe  
  39  6:00  Probe  
  40  6:07  Probe  
  40  6:10  Stalker  
  43  6:12  Probe  
  44  6:19  Probe  
  44  6:24  Probe  
  44  6:31  Probe  
  47  6:36  Probe  
  46  6:40  Stalker  
  48  6:50  Pylon  
  48  6:57  Warp Gate  
  48  7:04  Probe  
  49  7:10  Stalker  
  51  7:16  Probe, Pylon  
  51  7:19  Pylon  
  52  7:24  Twilight Council  
  52  7:28  Protoss Shields Level 1  
  52  7:29  Probe  
  53  7:40  Stalker  
  53  7:41  Probe  
  56  7:51  Robotics Facility  
  56  7:53  Probe  
  57  8:05  Probe  
  58  8:10  Stalker  
  60  8:17  Probe  
  61  8:29  Probe  
  61  8:33  Blink  
  62  8:41  Probe  
  61  9:11  Robotics Facility  
  61  9:24  Pylon  
  61  9:27  Pylon  
  61  9:40  Stargate  
  61  9:41  Stargate  
  61  10:00  Protoss Ground Weapons Level 2  
  61  10:13  Warp Prism  
  63  10:34  Resonating Glaives  
  63  10:40  Gateway  
  63  10:42  Gateway  
  63  10:44  Probe  
  64  10:56  Probe  
  65  11:29  Stalker  
  65  11:30  Stalker x2  
  71  11:59  Stalker x2  
  71  12:00  Stalker  
  77  12:29  Stalker x2  
  81  12:30  Stalker  
Show
View Real Time Build Order
Export as new Build Order

A.I. 1 (Easy) Protoss 

Build Orders:  

Get SALT Encoding   

  12  0:00  Probe  
  13  0:13  Probe  
  14  0:20  Pylon  
  14  0:25  Probe  
  15  0:34  Probe  
  16  0:44  Assimilator  
  16  0:51  Gateway  
  16  0:53  Pylon  
  16  1:18  Assimilator  
  16  1:30  Zealot  
  18  1:42  Cybernetics Core  
  18  1:45  Probe  
  19  1:57  Pylon  
  19  1:58  Probe  
  20  2:06  Probe  
  20  2:14  Probe  
  21  2:17  Warp Gate  
  21  2:21  Adept  
  24  2:26  Probe  
  25  2:38  Probe  
  26  2:45  Adept  
  28  3:05  Stalker  
  30  4:22  Probe  
  30  5:36  Sentry  
  30  5:37  Probe  
  30  5:38  Pylon  
  33  5:56  Probe  
  34  5:57  Robotics Facility  
  34  5:58  Stalker  
  34  6:02  Pylon  
  36  6:08  Probe  
  37  6:20  Stalker  
  31  6:39  Nexus  
  31  6:43  Sentry  
  31  6:46  Observer  
  34  7:05  Stalker  
  34  7:08  Observer  
  37  7:28  Zealot  
  39  7:50  Adept  
  41  7:52  Probe  
  41  7:56  Probe  
  43  8:00  Assimilator  
  43  8:03  Assimilator  
  43  8:04  Probe  
  44  8:08  Probe  
  45  8:16  Probe  
  45  8:17  Probe  
  46  8:25  Probe  
  47  8:28  Probe  
  49  8:35  Probe  
  49  8:40  Probe  
  51  8:47  Probe  
  52  8:48  Probe  
  53  8:56  Probe  
  53  8:59  Probe  
  55  9:07  Probe  
  56  9:11  Probe  
  56  9:16  Probe  
  57  9:23  Probe  
  59  9:25  Probe  
  60  9:33  Probe  
  60  9:35  Probe  
  62  10:16  Warp Prism  
  62  10:25  Zealot  
  62  10:27  Gateway  
  66  10:29  Forge  
  66  10:32  Robotics Bay  
  66  10:34  Stargate  
  66  10:36  Pylon  
  66  10:39  Warp Prism  
  66  10:47  Protoss Ground Weapons Level 1  
  68  10:58  Pylon  
  66  11:05  Stalker  
  58  11:14  Observer  
  56  11:19  Gateway  
  56  11:20  Observer Gravitic Boosters  
  56  11:23  Zealot  
  58  11:35  Observer  
  59  11:41  Stalker  
  57  11:56  Stalker  
  59  12:04  Observer  
  59  12:08  Pylon  
  53  12:09  Probe  
  53  12:10  Zealot  
  45  12:21  Probe  
  42  12:26  Nexus  
  41  12:33  Probe  
  41  12:39  Zealot  
  31  12:45  Probe  
  22  12:53  Zealot  
Tags
 
Matchup
PvP
Replay Pack
RP
Spawn Locations
Cross Positions
Add a new tag
Caveats
  • Supply blocks, unpowered buildings, or Contaminate may cause inaccurate times.
  • Supply counts are checked every 10 seconds.